 Dungeon Crawl Stone Soup version 0.31-a0-198-g2ad674f65e (webtiles) character file.

Game seed: 9651863194169039704

57 qw the Shooter (level 3, -4/20 HPs)
             Began as a Deep Elf Hunter on June 25, 2023.
             Slain by a gnoll
             ... wielding a +0 whip
              (8 damage)
             ... on level 2 of the Dungeon.
             The game lasted 00:00:17 (950 turns).

qw the Shooter (Deep Elf Hunter)                     Turns: 950, Time: 00:00:18

Health: -4/20      AC:  3    Str: 10    XL:     3   Next: 73%
Magic:  5/5        EV: 12    Int: 13    God:
Gold:   111        SH:  0    Dex: 18    Spells: 2/2 levels left

rFire   . . .        Y - +1 shortbow
rCold   . . .        (shield currently unavailable)
rNeg    . . .        c - +0 leather armour
rPois   .            (no helmet)
rElec   .            (no cloak)
rCorr   .            (no gloves)
SInv    .            (no boots)
Will    .....        (no amulet)
Stlth   ++           (no ring)
HPRegen 0.23/turn    (no ring)
MPRegen 0.09/turn

%: no passive effects
@: no status effects
A: no striking features
a: no special abilities


You were on level 2 of the Dungeon.
You visited 1 branch of the dungeon, and saw 2 of its levels.

You collected 111 gold pieces.


   Skills:
 - Level 1.5 Fighting
 + Level 7.2 Ranged Weapons
 - Level 2.4 Dodging
 - Level 1.2 Stealth


You had 2 spell levels left.
You didn't know any spells.
Your spell library was empty.

Inventory:

Hand Weapons
 Y - a +1 shortbow (weapon)
Armour
 c - a +0 leather armour (worn)
Potions
 e - a potion of haste

Dungeon Overview and Level Annotations

Branches:
Dungeon (2/15)

Altars:


Message History

The gnoll barely misses you.
You shoot an arrow. The arrow barely misses the gnoll. x2
The gnoll barely misses you.
You shoot an arrow. The arrow hits the gnoll.
You kill the gnoll!
You have reached level 3!
Your experience leads to an increase in your attributes!
Increase (S)trength, (I)ntelligence, or (D)exterity?
You feel stronger. x2
You shoot an arrow. The arrow completely misses the gnoll.
The arrow hits the gnoll but does no damage.
A rat comes into view.
The gnoll hits you from afar with a +0 halberd!
Ouch! That really hurt!
You shoot an arrow. The arrow closely misses the gnoll.
The arrow hits the gnoll.
The gnoll is moderately wounded.
The gnoll hits you from afar with a +0 halberd.
You shoot an arrow. The arrow hits the gnoll.
The gnoll is moderately wounded.
The gnoll hits you from afar with a +0 halberd.
You shoot an arrow. The arrow hits the gnoll.
The gnoll is heavily wounded.
The gnoll hits you from afar with a +0 halberd.
You shoot an arrow. The arrow hits the gnoll!
You kill the gnoll!
Your Ranged Weapons skill increases to level 7!
You shoot an arrow. The arrow hits the rat.
You kill the rat!
You shoot an arrow. The arrow hits the gnoll!
The gnoll is almost dead.
The gnoll barely misses you.
You shoot an arrow. The arrow hits the gnoll.
You kill the gnoll!
You shoot an arrow. The arrow hits the gnoll.
The gnoll is almost dead.
The gnoll misses you.
You shoot an arrow. The arrow barely misses the gnoll.
The gnoll hits you with a +0 whip!
You die...

.###.#####........#
.# #.##.........##
.# #.##.###..####
.# #.## #...## .#
#.# #.#..## .#
...##..# ## #.##
##.### # #.
#...##.##.# # .
###@g)....# # #.
#..#|#### #....#
#...## ....# .....
..#### ....


You could see a gnoll.

Vanquished Creatures
  3 gnolls (D:2)
  A worm (D:2)
  A dart slug (D:1)
  4 endoplasms
  2 goblins (D:1)
  2 hobgoblins
  A quokka (D:2)
  2 ball pythons (D:1)
  2 bats (D:1)
  2 frilled lizards (D:1)
  3 rats
23 creatures vanquished.

Notes
Turn   | Place    | Note
-------+----------+-------------------------------------------
     0 | D:1      | qw the Deep Elf Hunter began the quest for the Orb.
     0 | D:1      | Reached XP level 1. HP: 12/12 MP: 3/3
     0 | D:1      | 0 ||| qw: Version: 0.3-a-22-g0ed2b0b
     0 | D:1      | 0 ||| qw: Game counter: 5342
     0 | D:1      | 0 ||| qw: Melee chars always use a shield: true
     0 | D:1      | 0 ||| qw: God list: Okawaru
     0 | D:1      | 0 ||| qw: Allow faded altars: false
     0 | D:1      | 0 ||| qw: Do Orc after clearing Dungeon:15 true
     0 | D:1      | 0 ||| qw: Do second Lair branch before Depths: true
     0 | D:1      | 0 ||| qw: Lair rune preference: random
     0 | D:1      | 0 ||| qw: Goals: Normal
     0 | D:1      | 0 ||| PLANNING D:1-11
   250 | D:1      | Reached skill level 6 in Ranged Weapons
   250 | D:1      | Reached XP level 2. HP: 16/16 MP: 4/4
   764 | D:1      | 764 ||| READING scroll labelled ZUAPIL TYKHLE.
   765 | D:1      | 765 ||| READING scroll labelled FUEDASANOS.
   766 | D:1      | 766 ||| DRINKING 2 coppery potions.
   767 | D:1      | 767 ||| DROPPING scroll of butterflies.
   871 | D:2      | 871 ||| FLEEEEING.
   872 | D:2      | 872 ||| FLEEEEING.
   873 | D:2      | 873 ||| FLEEEEING.
   874 | D:2      | 874 ||| FLEEEEING.
   875 | D:2      | 875 ||| FLEEEEING.
   876 | D:2      | 876 ||| FLEEEEING.
   877 | D:2      | 877 ||| FLEEEEING.
   878 | D:2      | 878 ||| FLEEEEING.
   879 | D:2      | 879 ||| FLEEEEING.
   880 | D:2      | 880 ||| FLEEEEING.
   881 | D:2      | 881 ||| FLEEEEING.
   882 | D:2      | 882 ||| FLEEEEING.
   883 | D:2      | 883 ||| FLEEEEING.
   884 | D:2      | 884 ||| FLEEEEING.
   885 | D:2      | 885 ||| FLEEEEING.
   886 | D:2      | 886 ||| STAIRDANCE
   941 | D:2      | Reached XP level 3. HP: 17/20 MP: 5/5
   943 | D:2      | HP: 4/20 [gnoll/+0 halberd (2)]
   946 | D:2      | Reached skill level 7 in Ranged Weapons
   950 | D:2      | Slain by a gnoll

Levels and vault maps discovered:
D:1:      evilmike_arrival_plus, layout_basic, minmay_stone_trees_medium
D:2:      layout_rooms

Skill      XL: |  1  2  3 |
---------------+----------+-----
Ranged Weapons | 6 7 |  7.2
Fighting       | |  1.5
Dodging        | |  2.4
Stealth        | |  1.2

Action                     || total
---------------------------++-------
   Fire: Shortbow          ||    56
    Use: Scroll            ||     2
         Potion            ||     1
  Dodge: Dodged            ||     6

Table legend:
 A = Non-vault XP
 B = Vault XP
 C = Vault XP percentage of total XP
 D = Non-vault monster count
 E = Vault monster count
 F = Vault count percentage of total count
                 A         B        C        D         E       F
            +---------+---------+-------+---------+---------+-------
      Total |      82 |       0 |   0.0 |      23 |       0 |   0.0
            +---------+---------+-------+---------+---------+-------
        D:1 |      26 |       0 |   0.0 |      15 |       0 |   0.0
        D:2 |      56 |       0 |   0.0 |       8 |       0 |   0.0
            +---------+---------+-------+---------+---------+-------
